Map: Funkelnde Asche LE

Players

Andreas - Winner!

  • Race: Protoss Protoss

VOD

Have the link to the VOD?

Description

How To Easily Beat A Starcraft 2 Bot (Extreme)!

Time

  • Played on: Dec. 6, 2021, 7:11 p.m.
  • Length: 36:48
Show
View Real Time Build Order
Export as new Build Order

Andreas Protoss - Winner!

Build Orders:  

Get SALT Encoding   

  1  0:00  Probe (Chrono Boost)  
  13  0:11  Probe (Chrono Boost)  
  14  0:24  Probe (Chrono Boost)  
  15  0:33  Pylon  
  16  1:00  Probe (Chrono Boost)  
  16  1:03  Gateway  
  16  1:10  Forge  
  16  1:17  Probe (Chrono Boost)  
  17  1:25  Assimilator  
  17  1:29  Probe (Chrono Boost)  
  18  1:55  Probe (Chrono Boost)  
  20  2:12  Probe (Chrono Boost)  
  20  2:17  Nexus  
  20  2:32  Probe (Chrono Boost)  
  21  2:56  Probe (Chrono Boost)  
  22  3:07  Cybernetics Core  
  22  3:16  Pylon  
  22  3:25  Probe (Chrono Boost)  
  23  4:05  Photon Cannon  
  23  4:07  Photon Cannon  
  24  4:10  Probe (Chrono Boost)  
  24  4:21  Stargate  
  24  4:25  Probe (Chrono Boost)  
  24  4:27  Probe (Chrono Boost)  
  26  4:35  Assimilator  
  26  4:42  Probe (Chrono Boost)  
  26  4:44  Probe (Chrono Boost)  
  26  4:47  Assimilator  
  28  4:53  Pylon  
  29  5:01  Probe (Chrono Boost)  
  29  5:05  Probe (Chrono Boost)  
  30  5:15  Photon Cannon  
  30  5:18  Photon Cannon  
  32  5:22  Probe x2 (Chrono Boost)  
  32  5:28  Assimilator  
  32  5:31  Void Ray  
  36  6:11  Probe (Chrono Boost)  
  36  6:14  Fleet Beacon  
  37  6:22  Probe (Chrono Boost)  
  38  6:32  Photon Cannon  
  38  6:37  Photon Cannon x2  
  38  6:43  Photon Cannon x2  
  38  6:46  Probe (Chrono Boost)  
  39  6:57  Probe (Chrono Boost)  
  39  7:07  Probe (Chrono Boost)  
  41  7:17  Probe (Chrono Boost)  
  42  7:21  Probe (Chrono Boost)  
  42  7:23  Tempest (Chrono Boost)  
  48  7:33  Probe  
  48  7:38  Probe  
  50  7:53  Photon Cannon  
  50  7:55  Probe  
  51  8:06  Pylon  
  51  8:23  Nexus  
  51  8:25  Pylon  
  56  8:40  Tempest (Chrono Boost)  
  56  8:49  Probe  
  57  8:55  Probe  
  58  9:04  Assimilator  
  58  9:06  Probe  
  59  9:12  Probe  
  59  9:19  Pylon  
  60  9:25  Tempest (Chrono Boost)  
  60  9:29  Assimilator  
  73  10:02  Photon Cannon  
  73  10:07  Probe, Photon Cannon  
  74  10:24  Probe  
  74  10:29  Photon Cannon  
  75  10:37  Pylon  
  75  10:41  Probe  
  76  10:58  Probe  
  77  11:04  Stargate  
  77  11:10  Tempest (Chrono Boost)  
  77  11:15  Probe  
  83  11:32  Probe  
  84  11:43  Photon Cannon, Carrier (Chrono Boost)  
  84  11:45  Photon Cannon  
  84  11:48  Photon Cannon  
  84  11:49  Probe  
  91  12:11  Nexus  
  91  12:12  Pylon  
  91  12:17  Photon Cannon  
  91  12:19  Probe  
  92  12:20  Photon Cannon  
  92  12:24  Unknown  
  92  12:28  Photon Cannon  
  92  12:29  Photon Cannon  
  92  12:34  Probe (Chrono Boost)  
  92  12:38  Probe (Chrono Boost)  
  94  12:47  Probe (Chrono Boost)  
  94  12:54  Pylon  
  94  12:59  Pylon  
  95  13:09  Tempest  
  100  13:10  Stargate  
  100  13:12  Stargate  
  98  13:32  Tempest  
  101  13:52  Unknown  
  101  14:02  Probe (Chrono Boost)  
  101  14:09  Tempest  
  107  14:14  Probe (Chrono Boost)  
  108  14:26  Probe (Chrono Boost)  
  109  14:33  Photon Cannon  
  109  14:35  Photon Cannon  
  109  14:38  Photon Cannon  
  109  14:41  Tempest, Photon Cannon  
  109  14:43  Probe (Chrono Boost)  
  115  14:58  Probe (Chrono Boost)  
  116  15:07  Carrier  
  116  15:09  Probe (Chrono Boost)  
  117  15:21  Probe (Chrono Boost)  
  117  15:22  Photon Cannon x2  
  117  15:24  Photon Cannon  
  117  15:25  Photon Cannon  
  118  15:31  Photon Cannon  
  118  15:36  Tempest  
  129  16:02  Assimilator  
  129  16:06  Protoss Air Armor Level 1  
  129  16:14  Photon Cannon  
  129  16:25  Carrier  
  129  16:26  Photon Cannon  
  129  16:43  Nexus  
  129  16:49  Carrier  
  129  16:51  Pylon  
  129  16:56  Tempest  
  140  17:03  Pylon  
  140  17:09  Pylon  
  140  17:14  Assimilator  
  146  17:28  Tempest  
  149  17:56  Tempest  
  144  18:27  Probe (Chrono Boost)  
  145  18:38  Probe (Chrono Boost)  
  145  18:47  Nexus  
  146  18:52  Probe (Chrono Boost)  
  146  18:55  Probe (Chrono Boost)  
  148  19:27  Assimilator  
  148  19:53  Carrier (Chrono Boost)  
  148  20:02  Assimilator  
  148  20:18  Tempest (Chrono Boost)  
  148  20:23  Pylon  
  148  20:26  Protoss Air Armor Level 2  
  148  20:28  Probe x4 (Chrono Boost)  
  163  20:32  Pylon  
  163  20:34  Pylon  
  163  20:38  Pylon  
  163  20:48  Probe x3, Tempest (Chrono Boost)  
  171  20:57  Probe  
  177  21:02  Tempest (Chrono Boost)  
  177  21:05  Probe x3  
  173  21:22  Probe x3  
  173  21:26  Carrier (Chrono Boost)  
  155  21:39  Probe x2  
  155  21:48  Tempest (Chrono Boost)  
  155  21:49  Carrier (Chrono Boost)  
  148  21:50  Probe  
  148  22:07  Probe  
  160  22:11  Tempest (Chrono Boost)  
  160  22:24  Probe  
  161  22:38  Nexus  
  161  22:54  Assimilator  
  161  22:58  Assimilator  
  169  23:56  Protoss Air Weapons Level 1  
  169  24:46  Nexus  
  169  24:47  Carrier (Chrono Boost)  
  169  24:49  Probe  
  176  25:06  Probe  
  187  25:12  Tempest x2 (Chrono Boost)  
  186  25:23  Probe  
  180  25:38  Pylon  
  185  25:43  Pylon  
  185  25:46  Tempest (Chrono Boost)  
  185  25:58  Unknown  
  180  26:33  Photon Cannon  
  180  27:03  Pylon  
  180  27:06  Protoss Air Armor Level 3  
  180  27:08  Pylon  
  180  27:16  Nexus  
  180  27:22  Stargate  
  180  27:36  Carrier (Chrono Boost)  
  180  27:45  Photon Cannon  
  180  27:47  Probe x2, Photon Cannon  
  180  27:48  Carrier (Chrono Boost)  
  177  27:54  Photon Cannon  
  177  27:56  Photon Cannon  
  177  28:04  Probe  
  176  28:18  Tempest (Chrono Boost)  
  176  28:25  Carrier (Chrono Boost)  
  175  28:56  Tempest (Chrono Boost)  
  175  29:06  Carrier (Chrono Boost)  
  180  29:18  Tempest (Chrono Boost)  
  186  29:29  Carrier (Chrono Boost)  
  192  32:15  Assimilator  
  192  35:51  Nexus  
Tags
 
Add a new tag
Caveats
  • Supply blocks, unpowered buildings, or Contaminate may cause inaccurate times.
  • Supply counts are checked every 10 seconds.